 Dungeon Crawl Stone Soup version 0.31-a0-1338-gb567cfdca4 (webtiles) character file.

Game seed: 3514731400395761692

186 jasper the Grave Robber (level 5, 0/35 HPs)
             Began as a Demonspawn Necromancer on Dec 22, 2023.
             Slain by a goblin
             ... wielding a +0 dagger
             ... led by Robin
              (1 damage)
             ... on level 3 of the Dungeon.
             The game lasted 00:04:55 (2890 turns).

jasper the Grave Robber (Demonspawn Necromancer)    Turns: 2890, Time: 00:04:56

Health: 0/35       AC:  2    Str:  8    XL:     5   Next: 38%
Magic:  5/8        EV: 12    Int: 17    God:
Gold:   111        SH:  0    Dex: 14    Spells: 0/8 levels left

rFire   . . .        d - +1 short sword (elec)
rCold   . . .        (no shield)
rNeg    + . .        a - +0 robe
rPois   .            (no helmet)
rElec   .            (no cloak)
rCorr   +            (no gloves)
SInv    +            (no boots)
Will    .....        q - amulet of the acrobat
Stlth   ++           m - ring of resist corrosion
HPRegen 0.25/turn    e - ring of positive energy
MPRegen 0.11/turn

%: acrobat
@: animating dead
A: claws 1, powered by pain 2, see invisible, sturdy frame 1
a: no special abilities


You were on level 3 of the Dungeon.
You visited 1 branch of the dungeon, and saw 3 of its levels.

You collected 111 gold pieces.

Inventory:

Hand Weapons
 c - a +0 short sword
 d - a +1 short sword of electrocution (weapon)
 n - a +0 trident
Missiles
 f - 12 poisoned darts
 g - a throwing net
Armour
 a - a +0 robe (worn)
Jewellery
 e - a ring of positive energy (right claw)
 l - a ring of ice
 m - a ring of resist corrosion (left claw)
 q - an amulet of the acrobat (around neck)
Scrolls
 i - a scroll of blinking {unknown}
 j - 3 scrolls of noise
 k - 2 scrolls of immolation
 r - a scroll of enchant armour {unknown}
 s - a scroll of enchant weapon {unknown}
Potions
 b - a potion of magic
 o - a potion of ambrosia {unknown}
 p - a potion of enlightenment {unknown}


   Skills:
 - Level 1.7 Dodging
 - Level 1.7 Stealth
 - Level 2.0 Spellcasting
 + Level 7.4 Necromancy


You couldn't memorise any spells.
You knew the following spells:

 Your Spells              Type           Power      Damage    Failure   Level
a - Necrotise             Necr           100%       1d9       1%          1
b - Vampiric Draining     Necr           26%        2d7       2%          3
c - Animate Dead          Necr           26%        N/A       9%          4

Your spell library contained the following spells:

 Spells                   Type           Power      Damage    Failure   Level
 Agony                    Necr           26%        N/A       26%         5
 Olgreb's Toxic Radiance  Alch           1%         N/A       88%         4
 Ozocubu's Refrigeration  Ice            0%         4d7       100%        7
 Discord                  Hex            0%         N/A       100%        8


Dungeon Overview and Level Annotations

Branches:
Dungeon (3/15)

Altars:

Shops:
D:2 :   D:3 (

Annotations:
D:3 Robin


Innate Abilities, Weirdness & Mutations

You have sharp fingernails.
You sometimes gain power by taking damage.
You have supernaturally acute eyesight. (SInv)
Your movements are slightly less encumbered by armour. (ER -2)


Message History

The goblin hits you with a +0 dagger.
A goblin comes into view. It is wielding a +0 dagger.
You take 3 damage, and have 32/35 hp.
You closely miss the goblin. The goblin closely misses you.
The goblin barely misses you. The goblin closely misses you.
You miss the goblin.
The goblin hits you but does no damage. x2
The goblin hits you with a +0 dagger. The goblin hits you but does no damage.
You take 5 damage, and have 27/35 hp.
You miss the goblin. Robin throws the goblin at you!
The goblin closely misses you. The goblin barely misses you.
The goblin closely misses you. The goblin hits you with a +0 dagger.
You take 4 damage, and have 23/35 hp.
You barely miss the goblin. The goblin hits you but does no damage.
The goblin hits you with a +0 club. The goblin hits you but does no damage.
The goblin hits you with a +0 dagger. The goblin hits you with a +0 club.
The goblin hits you with a +0 dagger.
You take 8 damage, and have 15/35 hp.
MASSIVE DAMAGE!!
You barely miss the goblin. The goblin closely misses you.
The goblin hits you with a +0 club. The goblin hits you with a +0 dagger.
* * * LOW HITPOINT WARNING * * *
The goblin closely misses you. The goblin barely misses you.
The goblin hits you with a +0 dagger.
* * * LOW HITPOINT WARNING * * *
You take 8 damage, and have 7/35 hp.
MASSIVE DAMAGE!!
As you read the scroll labelled ZAT HOFUOXOSHRIRGHU, it crumbles to dust.
You hear a loud clanging noise!
It was a scroll of noise.
The goblin hits you but does no damage. The goblin hits you with a +0 club.
* * * LOW HITPOINT WARNING * * *
The goblin barely misses you. The goblin hits you with a +0 dagger.
* * * LOW HITPOINT WARNING * * *
The goblin barely misses you. x2
You take 4 damage, and have 3/35 hp.
It was a potion of mutation.
You feel extremely strange.
Your vision sharpens.
You feel less encumbered by your armour.
The goblin hits you with a +0 club.
* * * LOW HITPOINT WARNING * * *
The goblin hits you with a +0 dagger.
You die...

#.......................
#..........##.........###
#..........##...#######
#..........##...#
#..........##..)#
##........####.## .
#...>......# #..# ...
#..........# ##g###g...#
#..........# #g@ggg..#
#..........# #gggg..##
#..........# ##ggg###
##........## #####
##......## ########


You could see Robin, a hobgoblin (strong) and 11 goblins.

Vanquished Creatures
  Jessica (D:3)
  Natasha (D:2)
  5 adders
  A worm (D:2)
  2 dart slugs (D:1)
  4 orcs (D:3)
  6 ball pythons
  4 endoplasms
  2 giant cockroaches
  8 goblins
  6 hobgoblins
  5 jackals
  6 quokkas
  9 bats
  3 frilled lizards (D:2)
  7 kobolds
  5 rats
75 creatures vanquished.

Notes
Turn   | Place    | Note
-------+----------+-------------------------------------------
     0 | D:1      | jasper the Demonspawn Necromancer began the quest for the
                  | Orb.
     0 | D:1      | Reached XP level 1. HP: 13/13 MP: 3/3
   434 | D:1      | Gained mutation: You sometimes gain a little power by
                  | taking damage. [demonic ancestry]
   434 | D:1      | Reached XP level 2. HP: 19/19 MP: 1/5
   528 | D:1      | Reached skill level 5 in Necromancy
   986 | D:1      | Reached XP level 3. HP: 24/24 MP: 3/6
   990 | D:1      | Learned a level 3 spell: Vampiric Draining
  1691 | D:2      | Reached skill level 6 in Necromancy
  1757 | D:2      | Found Wiothroam's Book Boutique.
  1892 | D:2      | Gained mutation: You sometimes gain power by taking damage.
                  | [demonic ancestry]
  1892 | D:2      | Reached XP level 4. HP: 30/30 MP: 3/7
  2263 | D:2      | Noticed Natasha
  2270 | D:2      | Killed Natasha
  2579 | D:3      | Found a faded altar of an unknown god.
  2606 | D:3      | Reached skill level 7 in Necromancy
  2606 | D:3      | Gained mutation: You have sharp fingernails. [demonic
                  | ancestry]
  2606 | D:3      | Reached XP level 5. HP: 35/35 MP: 5/8
  2611 | D:3      | Learned a level 4 spell: Animate Dead
  2689 | D:3      | Noticed Jessica
  2692 | D:3      | Killed Jessica
  2827 | D:3      | Found Bullov's Weapon Shop.
  2881 | D:3      | Noticed Robin
  2890 | D:3      | Gained mutation: You have supernaturally acute eyesight.
                  | (SInv) [potion of mutation]
  2890 | D:3      | Gained mutation: Your movements are slightly less
                  | encumbered by armour. (ER -2) [potion of mutation]
  2890 | D:3      | HP: 1/35 [goblin/+0 club[Robin] (2)]
  2890 | D:3      | Slain by a goblin

Illustrated notes

Levels and vault maps discovered:
D:1:      dpeg_arrival_court, layout_loops_corners
D:2:      minmay_chambers_of_ones, layout_loops_cross, serial_shops,
          nicolae_shop_temple_entry_statues_fountains, uniq_natasha
D:3:      layout_rooms, serial_curves, eino_curves_04, eino_curves_02,
          eino_curves_02, serial_shops, shop, hellmonk_ecumenical_altar_blasted,
          uniq_jessica, uniq_robin

Skill      XL: |  1  2  3  4 |
---------------+-------------+-----
Necromancy     | 5 6 7 |  7.4
Dodging        | |  1.7
Stealth        | |  1.7
Spellcasting   | |  2.0

Action                     |  1- 3 |  4- 6 || total
---------------------------+-------+-------++-------
  Melee: Unarmed           |     5 |       ||     5
         Short sword       |     4 |    28 ||    32
         Punch             |       |     1 ||     1
   Cast: Necrotise         |    72 |    35 ||   107
         Animate Dead      |       |     1 ||     1
    Use: Scroll            |       |     1 ||     1
         Potion            |       |     1 ||     1
 Armour: Robe              |    17 |    31 ||    48
  Dodge: Dodged            |    20 |    46 ||    66

Table legend: (Time is in decaauts)
 A = Elapsed time spent in this place.
 B = Non-inter-level travel time spent in this place.
 C = Inter-level travel time spent in this place.
 D = Time resting spent in this place.
 E = Time spent auto-exploring this place.
 F = Levels seen in this place.
 G = Mean time per level.
                   A        B        C        D        E       F      G
               +--------+--------+--------+--------+--------+-----+--------+
         Total |   2898 |   2844 |     54 |      0 |   2423 |   3 |  966.0 |
       Dungeon |   2898 |   2844 |     54 |      0 |   2423 |   3 |  966.0 |
               +--------+--------+--------+--------+--------+-----+--------+

Top non-repeatable levels by time:
     D:1: 1419 daAuts
     D:2: 1010 daAuts
     D:3: 468 daAuts
